 Dungeon Crawl Stone Soup version 0.28-a0-20-gdd470a43dd (webtiles) character file.

Game seed: 7807403912464914193

2705 KristoblXynda the Carver (level 9, -22/68 HPs)
             Began as a Vampire Gladiator on July 26, 2021.
             Was an Initiate of Ashenzari.
             Annihilated by a two-headed ogre (26 damage)
             ... on level 6 of the Dungeon.
             The game lasted 00:13:03 (7540 turns).

KristoblXynda the Carver (Vampire Gladiator)        Turns: 7540, Time: 00:13:04

Health: -22/68     AC:  5    Str: 16    XL:     9   Next: 39%
Magic:  9/9        EV: 19    Int: 10    God:    Ashenzari [......]
Gold:   202        SH:  0    Dex: 16    Spells: 8/8 levels left

rFire   + . .      SeeInvis +   w - +3 dagger "Xiosoac" {vorpal, rN+ Will+}
rCold   + . .      Faith    .   (no shield)
rNeg    + . .      Spirit   .   h - +2 robe {rC+ rF+}
rPois   .          Reflect  .   c - +0 helmet
rElec   .          Harm     .   g - scarf {shadows}
rCorr   .          Rampage  .   (no gloves)
Will    +....                   (no boots)
Stlth   ++++......              (no amulet)
HPRegen 0.41/turn               j - +4 ring of slaying
MPRegen 0.11/turn               u - +4 ring of evasion

@: healing quickly
A: alive, fangs 3, see invisible, vampiric 2
a: Exsanguinate, Renounce Religion, Curse Item


You were on level 6 of the Dungeon.
You worshipped Ashenzari.
Ashenzari was noncommittal.
You visited 2 branches of the dungeon, and saw 7 of its levels.
You also visited: Ossuary.

You collected 322 gold pieces.
You spent 120 gold pieces at shops.

Inventory:

Hand Weapons
 a - a +0 long sword
 w - the +3 dagger "Xiosoac" (weapon) {vorpal, rN+ Will+}
   (You found it on level 5 of the Dungeon)

   It inflicts extra damage upon your enemies.
   rN:        It protects you from negative energy.
   Will:      It increases your willpower.
Missiles
 d - 2 throwing nets (quivered)
Armour
 c - a +0 helmet (worn)
 g - a scarf of shadows (worn)
 h - a +2 robe of resistance (worn)
 q - a +1 cloak
Jewellery
 j - a +4 ring of slaying (left hand)
 u - a +4 ring of evasion (right hand)
Wands
 n - a wand of iceblast (8)
 p - a wand of mindburst (13)
 C - a wand of paralysis (6)
Scrolls
 b - 2 scrolls of teleportation
 e - 2 scrolls of amnesia
 f - 2 scrolls of immolation
 k - a scroll of silence
 l - a scroll of fog
 r - a scroll of holy word
 s - a scroll of brand weapon
 t - 3 scrolls of identify
 x - a scroll of fear
 y - 2 scrolls of enchant weapon
 z - 3 scrolls of summoning
 B - a scroll of blinking
Potions
 i - 3 potions of attraction
 m - 3 potions of haste
 o - 2 potions of flight
 v - 4 potions of curing
 A - 2 potions of magic
 D - a potion of heal wounds


   Skills:
 - Level 5.2 Fighting
 * Level 8.8 Long Blades
 - Level 2.0 Throwing
 + Level 1.3 Armour
 + Level 7.2 Dodging
 + Level 8.0 Stealth


You had 8 spell levels left.
You didn't know any spells.
Your spell library contained the following spells:

 Spells                   Type           Power      Damage    Failure   Level
 Foxfire                  Conj/Fire      0%         2x1d4     36%         1
 Blink                    Tloc           N/A        N/A       50%         2
 Conjure Flame            Conj/Fire      0%         6-21      75%         3
 Inner Flame              Hex/Fire       0%         N/A       75%         3
 Lesser Beckoning         Tloc           0%         N/A       75%         3
 Manifold Assault         Tloc           0%         N/A       100%        5


Dungeon Overview and Level Annotations

Branches:
Dungeon (6/15)             Temple (1/1) D:5         Ossuary (visited)

Altars:
Ashenzari
Cheibriados
Dithmenos
Elyvilon
Fedhas
Gozag
Hepliaklqana
Kikubaaqudgha
Makhleb
Nemelex Xobeh
Okawaru
Qazlal
Ru
Sif Muna
Trog
Uskayaw
Vehumet
Wu Jian
Yredelemnul
The Shining One

Shops:
D:4 (   D:6 !


Innate Abilities, Weirdness & Mutations

Your natural rate of healing is accelerated.
You have razor-sharp teeth.
You have supernaturally acute eyesight. (SInv)
You are afflicted with vampirism and can become a bat while bloodless.


Message History

You hit the two-headed ogre.
The two-headed ogre is lightly wounded.
You hit the two-headed ogre. Your bite misses the two-headed ogre.
The two-headed ogre is moderately wounded.
The two-headed ogre closely misses you. The two-headed ogre barely misses you.
You hit the two-headed ogre.
The two-headed ogre is moderately wounded.
The two-headed ogre misses you. x2
You hit the two-headed ogre.
The two-headed ogre is heavily wounded.
You hit the two-headed ogre.
The two-headed ogre is severely wounded.
The two-headed ogre hits you with a +0 giant spiked club!!
The two-headed ogre closely misses you.
You are too injured to fight recklessly!
You are too injured to fight recklessly!
Aiming: Mindburst
Press: ? - help, Shift-Dir - straight line, f - two-headed ogre
Aim: a two-headed ogre, wielding a +0 giant spiked club and a +0 giant club (severely wounded, chance to affect: 48%)
The two-headed ogre resists with some effort.
The two-headed ogre barely misses you. The two-headed ogre misses you.
Aiming: Mindburst
Press: ? - help, Shift-Dir - straight line, f/p - two-headed ogre
Aim: a two-headed ogre, wielding a +0 giant spiked club and a +0 giant club (heavily wounded, chance to affect: 48%)
The two-headed ogre resists with some effort.
You see here a +0 dagger.
Aiming: Paralyse
Press: ? - help, Shift-Dir - straight line, f/p - two-headed ogre
Aim: a two-headed ogre, wielding a +0 giant spiked club and a +0 giant club (heavily wounded, chance to affect: 28%)
The two-headed ogre easily resists.
The two-headed ogre hits you with a +0 giant spiked club!
The two-headed ogre closely misses you.
Aiming: Paralyse
Press: ? - help, Shift-Dir - straight line, f/p - two-headed ogre
Aim: a two-headed ogre, wielding a +0 giant spiked club and a +0 giant club (heavily wounded, chance to affect: 28%)
The two-headed ogre easily resists.
The two-headed ogre hits you with a +0 giant spiked club!!
* * * LOW HITPOINT WARNING * * *
The two-headed ogre hits you with a +0 giant club!!
You die...

##...............##..#
##..........# #.....#
#......###### ##....#
#......#### #.....
#.....!...#### #..##.
#.......#....###..##.
####.##..........##≈≈
#O######.#.....≈≈≈ #@#
#...#.#...∩ #.#
##..#.##≈≈≈ #.#
##...##.≈≈ #.#
#........## #.#
##<..##.....#
#.####..#.##.#.#.#
#>..#..##.#....#..
###...............
##......########


You could see a two-headed ogre.

Vanquished Creatures
  The ghost of stripedtigrrr the Shooter, a novice OpWn of the Shining One (D:5)
  Sigmund (D:4)
  4 yaks (D:5)
  Menkaure (Ossuary)
  2 sky beasts (D:6)
  3 ogres
  An orc warrior (D:5)
  3 necrophages
  A water moccasin zombie (D:3)
  A wyvern zombie (D:5)
  A jelly (D:5)
  A howler monkey (D:5)
  A bullfrog skeleton (D:6)
  Crazy Yiuf (D:4)
  3 orc priests
  2 hounds (D:5)
  Terence (D:2)
  3 iguanas
  Natasha (D:2)
  A scorpion zombie (D:5)
  3 mummies (Ossuary)
  6 adders
  2 shadow imps
  An adder zombie (D:5)
  A worm (D:2)
  A dart slug (D:2)
  9 orcs
  9 ball pythons
  6 bats
  8 endoplasms
  2 giant cockroaches
  6 gnoll zombies (Ossuary)
  4 goblins
  10 hobgoblins
  4 jackals (D:2)
  11 kobolds
  5 quokkas
  5 frilled lizards
  2 gnoll skeletons (Ossuary)
  4 goblin skeletons (Ossuary)
  5 goblin zombies (Ossuary)
  4 hobgoblin skeletons (Ossuary)
  4 hobgoblin zombies (Ossuary)
  3 kobold skeletons (Ossuary)
  4 kobold zombies (Ossuary)
  7 orc skeletons (Ossuary)
  3 orc zombies (Ossuary)
  6 rats
  5 rat skeletons (Ossuary)
  3 rat zombies (Ossuary)
176 creatures vanquished.

Vanquished Creatures (others)
  5 plants (D:4)
5 creatures vanquished.

Grand Total: 181 creatures vanquished

Notes
Turn   | Place    | Note
-------+----------+-------------------------------------------
     0 | D:1      | KristoblXynda the Vampire Gladiator began the quest for the
                  | Orb.
     0 | D:1      | Reached XP level 1. HP: 16/16 MP: 1/1
   112 | D:1      | Found a faded altar of an unknown god.
   199 | D:1      | Reached XP level 2. HP: 22/22 MP: 2/2
   989 | D:2      | Gained mutation: You are afflicted with vampirism and can
                  | become a bat while bloodless. [Vampire growth]
   989 | D:2      | Reached XP level 3. HP: 27/27 MP: 3/3
  1095 | D:2      | Noticed Natasha
  1478 | D:2      | Noticed Terence
  1722 | D:2      | Reached XP level 4. HP: 34/34 MP: 4/4
  1950 | D:2      | Killed Natasha
  2495 | D:2      | Killed Terence
  2751 | D:3      | Reached XP level 5. HP: 40/40 MP: 5/5
  3517 | D:4      | Found a burning altar of Makhleb.
  3607 | D:4      | Noticed Sigmund
  3652 | D:4      | Killed Sigmund
  3653 | D:4      | Reached skill level 5 in Long Blades
  3653 | D:4      | Reached XP level 6. HP: 12/47 MP: 6/6
  3822 | D:4      | Found an opulent altar of Gozag.
  3824 | D:4      | Found a hide-covered altar of Uskayaw.
  3954 | D:4      | Reached skill level 5 in Dodging
  3954 | D:4      | Reached XP level 7. HP: 32/52 MP: 7/7
  4018 | D:4      | Found a runed translucent door.
  4019 | D:4      | Noticed Crazy Yiuf
  4145 | D:4      | Found Plog's Antique Weapon Shop.
  4775 | D:4      | Killed Crazy Yiuf
  4986 | D:5      | Entered Level 5 of the Dungeon
  4986 | D:5      | Found a runed translucent gate.
  4986 | D:5      | Found a runed translucent gate.
  4986 | D:5      | Found a runed translucent gate.
  4986 | D:5      | Noticed stripedtigrrr's ghost (novice OpWn)
  5253 | D:5      | Identified the +3 dagger "Xiosoac" {vorpal, rN+ Will+}
  5478 | D:5      | Found a staircase to the Ecumenical Temple.
  5543 | Temple   | Entered the Ecumenical Temple
  5586 | Temple   | Became a worshipper of Ashenzari the Shackled
  5725 | D:5      | Identified the +1 trident "Hydraslayer" {chaos, Int+4}
  5758 | D:5      | Noticed a yak
  5761 | D:5      | Noticed a yak
  5761 | D:5      | Noticed a yak
  5762 | D:5      | Noticed a yak
  5773 | D:5      | Killed a yak
  5774 | D:5      | Reached skill level 5 in Stealth
  5774 | D:5      | Reached XP level 8. HP: 32/61 MP: 8/8
  5798 | D:4      | Found a sacrificial altar of Ru.
  5845 | D:4      | Found a snail-covered altar of Cheibriados.
  6151 | D:5      | Reached skill level 5 in Fighting
  6423 | D:5      | Killed stripedtigrrr's ghost
  6424 | D:5      | Reached XP level 9. HP: 50/68 MP: 9/9
  6554 | D:6      | Found a sand-covered staircase.
  6574 | Ossuary  | Entered an ossuary
  6959 | Ossuary  | Noticed Menkaure
  6976 | Ossuary  | Killed Menkaure
  7214 | D:6      | Reached skill level 1 in Armour
  7311 | D:6      | Found a sparkling altar of Nemelex Xobeh.
  7374 | D:6      | Found Boann's Distillery.
  7400 | D:6      | Bought a potion of heal wounds for 75 gold pieces
  7400 | D:6      | Bought a potion of curing for 45 gold pieces
  7505 | D:6      | Noticed a two-headed ogre
  7540 | D:6      | Annihilated by a two-headed ogre

Illustrated notes

Levels and vault maps discovered:
D:1:      lemuel_arrival_rhombus, layout_basic,
          hellmonk_ecumenical_altar_lost_god
D:2:      layout_basic, kennysheep_generic_room_15, uniq_natasha, uniq_terence
D:3:      layout_loops_cross, hex_tiny
D:4:      layout_loops_cross, nicolae_overflow_hidden_temple, serial_shops,
          shop, serial_bayou_pond_c, kennysheep_generic_room_10,
          uniq_crazy_yiuf_cottage, uniq_sigmund
D:5:      layout_basic, minmay_temple_entry_mist, gammafunk_ghost_split,
          patterned_corridor
D:6:      layout_rooms, nemelex_altar_shiori, tgw_xom, serial_shops,
          nicolae_shop_waterfront, enter_ossuary_1
Temple:   eino_temple_lava

Skill      XL: |  1  2  3  4  5  6  7  8  9 |
---------------+----------------------------+-----
Fighting       | 2 3 4 5 |  5.2
Throwing       | 2 |  2.0
Dodging        | 4 5 6 7 |  7.2
Long Blades    | 4 5 6 8 |  8.8
Stealth        | 2 3 5 7 8 |  8.0
Armour         | 1 |  1.3

Action                   |  1- 3 |  4- 6 |  7- 9 || total
-------------------------+-------+-------+-------++-------
Melee: Long sword        |   129 |   147 |    35 ||   311
       Bite              |    15 |    15 |    33 ||    63
       Dagger            |       |       |   228 ||   228
Throw: Throwing net      |       |     1 |       ||     1
Evoke: Wand              |       |       |     9 ||     9
  Use: Scroll            |     2 |     7 |       ||     9
       Potion            |       |     2 |     1 ||     3
 Stab: Sleeping          |     1 |     5 |    15 ||    21
Armor: Leather armour    |    48 |    20 |       ||    68
       Skin              |       |    16 |     6 ||    22
       Robe              |       |     8 |    18 ||    26
Dodge: Dodged            |   109 |    91 |   107 ||   307
       Rpst.: Long sword |    29 |    28 |     7 ||    64

Table legend: (Time is in decaauts)
 A = Elapsed time spent in this place.
 B = Non-inter-level travel time spent in this place.
 C = Inter-level travel time spent in this place.
 D = Time resting spent in this place.
 E = Time spent auto-exploring this place.
 F = Levels seen in this place.
 G = Mean time per level.
                   A        B        C        D        E       F      G
               +--------+--------+--------+--------+--------+-----+--------+
         Total |   7556 |   7408 |    148 |   1887 |   3793 |   8 |  944.5 |
       Dungeon |   6999 |   6859 |    140 |   1698 |   3748 |   6 | 1166.5 |
        Temple |     52 |     44 |      8 |      0 |     31 |   1 |   52.0 |
       Ossuary |    503 |    503 |      0 |    189 |     14 |   1 |  503.0 |
               +--------+--------+--------+--------+--------+-----+--------+

Top non-repeatable levels by time:
     D:4: 1649 daAuts
     D:2: 1618 daAuts
     D:5: 1411 daAuts
     D:1: 981 daAuts
     D:3: 899 daAuts
 Ossuary: 503 daAuts
     D:6: 440 daAuts
  Temple: 52 daAuts
